EVO
VANDERBILT UNIVERSITY COMMODORES @ FRESNO STATE UNIVERSITY BULLDOGS
09/28/2044
 
TOP OF THE 1ST
Vanderbilt University Commodores batting - Pitching for Fresno State University Bulldogs : LHP David Ayala
Pitching: LHP David Ayala
Batting: RHB Ben Politi 0-0: Ball
1-0: Called Strike
1-1: Ball
2-1: Ground out 3-1 (Groundball, 34S, EV 85.6 MPH)
Batting: RHB Sam Spohn 0-0: Called Strike
0-1: Ball
1-1: Ball
2-1: Ground out 6-3 (Groundball, 6, EV 96.2 MPH)
Batting: RHB Chris Maul 0-0: Ground out U3 (Groundball, 13, EV 78.1 MPH)
Top of the 1st over - 0 runs, 0 hits, 0 errors, 0 left on base; Vanderbilt University 0 - Fresno State University 0
BOTTOM OF THE 1ST
Fresno State University Bulldogs batting - Pitching for Vanderbilt University Commodores : RHP Francisco Galindo
Pitching: RHP Francisco Galindo
Batting: LHB Vinny Rivera 0-0: Foul Ball, location: 2F
0-1: Called Strike
0-2: Ball
1-2: Foul Ball, location: 2F
1-2: Ball
2-2: Ball
3-2: Base on Balls
Batting: LHB Mike Roberts 0-0: Fly out, F8 (Line Drive, 8LD, EV 103.8 MPH)
Batting: RHB Tommy Tracy 0-0: Ball
1-0: Ball
2-0: Ball
Vinny Rivera is caught stealing 2nd base 2-4
3-0: Called Strike
3-1: Foul Ball, location: 2F
3-2: SINGLE (Flyball, 8LS, EV 90.6 MPH)
Batting: RHB Todd Vanasco 0-0: Ball
1-0: Called Strike
1-1: Ball
2-1: Ground out U3 (Groundball, 3, EV 105.0 MPH)
Bottom of the 1st over - 0 runs, 1 hit, 0 errors, 1 left on base; Vanderbilt University 0 - Fresno State University 0
TOP OF THE 2ND
Vanderbilt University Commodores batting - Pitching for Fresno State University Bulldogs : LHP David Ayala
Batting: RHB Jonathan Mendoza 0-0: Ball
1-0: Ball
2-0: Called Strike
2-1: Ball
3-1: Base on Balls
Batting: RHB Jeremy Harden 0-0: Swinging Strike
0-1: Ball
1-1: Called Strike
1-2: SINGLE (Line Drive, 8RS, EV 99.4 MPH)
Jonathan Mendoza to second
Runner from 2nd tries for 3rd, SAFE, no throw by CF
Batting: LHB Jeremy Robertson 0-0: Ball
1-0: Called Strike
1-1: Swinging Strike
1-2: Ball
2-2: Foul Ball, location: 2F
2-2: Fly out, F8 (Line Drive, 8RM, EV 91.2 MPH)
Runner from 3rd tags up, SCORES, throw by CF
Batting: RHB Chris Bohm 0-0: Ball
1-0: Foul Ball, location: 2F
1-1: Foul Ball, location: 2F
1-2: Fly out, F5 (Line Drive, 5, EV 71.9 MPH)
Batting: RHB D.J. Cooke 0-0: 2-RUN HOME RUN (Flyball, 7D, EV 93.8 MPH), Distance : 363 ft
Batting: RHB Hisao Takei 0-0: DOUBLE (Flyball, 9LD, EV 104.4 MPH)
Batting: RHB Ben Politi 0-0: Ball
1-0: Foul Ball, location: 2F
1-1: Ball
2-1: Ball
3-1: Ground out 4-3 (Groundball, 4, EV 76.2 MPH)
Top of the 2nd over - 3 runs, 3 hits, 0 errors, 1 left on base; Vanderbilt University 3 - Fresno State University 0
BOTTOM OF THE 2ND
Fresno State University Bulldogs batting - Pitching for Vanderbilt University Commodores : RHP Francisco Galindo
Batting: RHB Phil Hamby 0-0: Ball
1-0: Called Strike
1-1: Ball
2-1: SINGLE (Line Drive, 6M, EV 101.9 MPH)
Batting: RHB Miguel Velasco 0-0: Foul Ball, location: 2F
0-1: Ball
1-1: Swinging Strike
1-2: Strikes out swinging
Batting: RHB Ryan Miller 0-0: Ball
1-0: Called Strike
1-1: Fly out, F8 (Flyball, 8RXD, EV 93.8 MPH)
Batting: SHB Andres Agudo 0-0: Called Strike
0-1: Foul Ball, location: 2F
0-2: Ball
1-2: Ball
2-2: Foul Ball, location: 2F
2-2: Foul Ball, location: 2F
2-2: Ball
3-2: Foul Ball, location: 2F
3-2: Strikes out swinging
Bottom of the 2nd over - 0 runs, 1 hit, 0 errors, 1 left on base; Vanderbilt University 3 - Fresno State University 0
TOP OF THE 3RD
Vanderbilt University Commodores batting - Pitching for Fresno State University Bulldogs : LHP David Ayala
Batting: RHB Sam Spohn 0-0: Ball
1-0: Called Strike
1-1: Foul Ball, location: 2F
1-2: Foul Ball, location: 2F
1-2: Foul Ball, location: 2F
1-2: Foul Ball, location: 2F
1-2: Ball
2-2: Foul Ball, location: 2F
2-2: Foul Ball, location: 2F
2-2: Foul Ball, location: 2F
2-2: Ball
3-2: Fly out, F7 (Flyball, 78M, EV 86.9 MPH)
Batting: RHB Chris Maul 0-0: Called Strike
0-1: Ball
1-1: Foul Ball, location: 2F
1-2: Ground out 6-3 (Groundball, 6, EV 88.8 MPH)
Batting: RHB Jonathan Mendoza 0-0: Ball
1-0: Called Strike
1-1: Ball
2-1: DOUBLE (Line Drive, 7LM, EV 92.5 MPH)
Batting: RHB Jeremy Harden 0-0: Ball
1-0: Swinging Strike
1-1: Ball
2-1: Foul Ball, location: 2F
2-2: Ground out 6-3 (Groundball, 6, EV 110.6 MPH)
Top of the 3rd over - 0 runs, 1 hit, 0 errors, 1 left on base; Vanderbilt University 3 - Fresno State University 0
BOTTOM OF THE 3RD
Fresno State University Bulldogs batting - Pitching for Vanderbilt University Commodores : RHP Francisco Galindo
Batting: RHB Andrew Pride 0-0: Ball
1-0: Ball
2-0: Ball
3-0: Base on Balls
Batting: LHB Vinny Rivera 0-0: Fly out, F9 (Flyball, 9LM, EV 88.8 MPH)
Batting: LHB Mike Roberts 0-0: Ball
1-0: Foul Ball, location: 2F
1-1: Swinging Strike
Andrew Pride is caught stealing 2nd base 2-6
1-2: Ball
2-2: Ball
3-2: Base on Balls
Batting: RHB Tommy Tracy 0-0: Ground out 5-3 (Groundball, 56S, EV 83.8 MPH)
Bottom of the 3rd over - 0 runs, 0 hits, 0 errors, 1 left on base; Vanderbilt University 3 - Fresno State University 0
TOP OF THE 4TH
Vanderbilt University Commodores batting - Pitching for Fresno State University Bulldogs : LHP David Ayala
Batting: LHB Jeremy Robertson 0-0: Fly out, F7 (Flyball, 7LM, EV 92.5 MPH)
Batting: RHB Chris Bohm 0-0: Called Strike
0-1: Swinging Strike
0-2: Ball
1-2: Strikes out swinging
Batting: RHB D.J. Cooke 0-0: Called Strike
0-1: Ball
1-1: Called Strike
1-2: Foul Ball, location: 2F
1-2: Strikes out swinging
Top of the 4th over - 0 runs, 0 hits, 0 errors, 0 left on base; Vanderbilt University 3 - Fresno State University 0
BOTTOM OF THE 4TH
Fresno State University Bulldogs batting - Pitching for Vanderbilt University Commodores : RHP Francisco Galindo
Batting: RHB Todd Vanasco 0-0: Called Strike
0-1: SINGLE (Line Drive, 8LS, EV 90.0 MPH)
Batting: RHB Phil Hamby 0-0: Grounds into double play, 5-4-3 (Groundball, 56S, EV 85.6 MPH)
Batting: RHB Miguel Velasco 0-0: Fly out, F9 (Flyball, 9, EV 80.6 MPH)
Bottom of the 4th over - 0 runs, 1 hit, 0 errors, 0 left on base; Vanderbilt University 3 - Fresno State University 0
TOP OF THE 5TH
Vanderbilt University Commodores batting - Pitching for Fresno State University Bulldogs : LHP David Ayala
Batting: RHB Hisao Takei 0-0: Ball
1-0: Called Strike
1-1: Called Strike
1-2: Foul Ball, location: 2F
1-2: Ball
2-2: Ground out 5-3 (Groundball, 56S, EV 83.1 MPH)
Pitching: LHP Ron Fries
Batting: RHB Ben Politi 0-0: Ball
1-0: Fly out, F9 (Flyball, 9LS, EV 93.8 MPH)
Batting: RHB Sam Spohn 0-0: Swinging Strike
0-1: Called Strike
0-2: Ball
1-2: Ball
2-2: Strikes out swinging
Top of the 5th over - 0 runs, 0 hits, 0 errors, 0 left on base; Vanderbilt University 3 - Fresno State University 0
BOTTOM OF THE 5TH
Fresno State University Bulldogs batting - Pitching for Vanderbilt University Commodores : RHP Francisco Galindo
Batting: RHB Ryan Miller 0-0: Ball
1-0: Swinging Strike
1-1: Swinging Strike
1-2: Fly out, F7 (Flyball, 7LS, EV 89.4 MPH)
Batting: SHB Andres Agudo 0-0: Ground out 3-1 (Groundball, 34, EV 81.2 MPH)
Batting: RHB Andrew Pride 0-0: Ball
1-0: Ground out 6-3 (Groundball, 56D, EV 92.5 MPH)
Bottom of the 5th over - 0 runs, 0 hits, 0 errors, 0 left on base; Vanderbilt University 3 - Fresno State University 0
TOP OF THE 6TH
Vanderbilt University Commodores batting - Pitching for Fresno State University Bulldogs : LHP Ron Fries
Batting: RHB Chris Maul 0-0: Ball
1-0: Ball
2-0: Ball
3-0: Called Strike
3-1: SOLO HOME RUN (Flyball, 7D, EV 100.6 MPH), Distance : 374 ft
Batting: RHB Jonathan Mendoza 0-0: Ball
1-0: Ball
2-0: Called Strike
2-1: Ball
3-1: Foul Ball, location: 2F
3-2: Base on Balls
Batting: RHB Jeremy Harden 0-0: Ball
1-0: Swinging Strike
1-1: Ball
2-1: Foul Ball, location: 2F
2-2: Strikes out swinging
Batting: LHB Jeremy Robertson 0-0: Ball
Wild Pitch!
Jonathan Mendoza to second
1-0: Ball
2-0: Called Strike
2-1: Ball
3-1: Base on Balls
Pitching: RHP Wally Dethridge
Batting: RHB Chris Bohm 0-0: Ball
1-0: Ball
2-0: Swinging Strike
2-1: Ball
3-1: Base on Balls
Jonathan Mendoza to third
Jeremy Robertson to second
Batting: RHB D.J. Cooke 0-0: Called Strike
0-1: Ball
1-1: Swinging Strike
1-2: Strikes out swinging
Batting: RHB Hisao Takei 0-0: Called Strike
0-1: Called Strike
0-2: Fly out, F9 (Flyball, 89D, EV 103.1 MPH)
Top of the 6th over - 1 run, 1 hit, 0 errors, 3 left on base; Vanderbilt University 4 - Fresno State University 0
BOTTOM OF THE 6TH
Fresno State University Bulldogs batting - Pitching for Vanderbilt University Commodores : RHP Francisco Galindo
Batting: LHB Vinny Rivera 0-0: Fly out, F8 (Line Drive, 8LD, EV 86.2 MPH)
Batting: LHB Mike Roberts 0-0: Ball
1-0: Swinging Strike
1-1: Foul Ball, location: 2F
1-2: Ground out 4-3 (Groundball, 34, EV 79.4 MPH)
Batting: RHB Tommy Tracy 0-0: Called Strike
0-1: SOLO HOME RUN (Flyball, 89XD, EV 100.6 MPH), Distance : 402 ft
Batting: RHB Todd Vanasco 0-0: Ball
1-0: Foul Ball, location: 2F
1-1: SINGLE (Groundball, 4M, EV 99.4 MPH) (infield hit)
Batting: RHB Phil Hamby 0-0: Called Strike
0-1: Reached on error, E6 (Groundball, 6, EV 104.4 MPH)
Todd Vanasco to second
Batting: RHB Miguel Velasco 0-0: Ball
1-0: DOUBLE (Flyball, 89XD, EV 91.2 MPH)
Todd Vanasco scores
Phil Hamby to third
Runner from 3rd tries for Home, SAFE, no throw by CF
Pitching: RHP Eric Schafer
Batting: RHB Ryan Miller 0-0: Foul Ball, location: 2F
0-1: Ball
1-1: Called Strike
1-2: Ball
2-2: Ball
3-2: Foul Ball, location: 2F
3-2: Foul Ball, location: 2F
3-2: Strikes out swinging
Bottom of the 6th over - 3 runs, 3 hits, 1 error, 1 left on base; Vanderbilt University 4 - Fresno State University 3
TOP OF THE 7TH
Vanderbilt University Commodores batting - Pitching for Fresno State University Bulldogs : RHP Wally Dethridge
Pitching: RHP Trevor Woodbury
Batting: RHB Ben Politi 0-0: SINGLE (Groundball, 4M, EV 100.6 MPH)
Batting: RHB Sam Spohn 0-0: Ball
1-0: Called Strike
1-1: Ball
2-1: Sac Bunt to 15 - play at first, batter OUT! 1-4
Ben Politi to second
Batting: RHB Chris Maul 0-0: Called Strike
0-1: Called Strike
0-2: Ball
1-2: Foul Ball, location: 2F
1-2: Ball
2-2: Reached on error, E5 (Groundball, 56, EV 85.0 MPH)
Ben Politi scores
Batting: RHB Jonathan Mendoza 0-0: Intentional Walk
Batting: RHB Jeremy Harden 0-0: Swinging Strike
0-1: 3-RUN HOME RUN (Flyball, 7D, EV 96.2 MPH), Distance : 360 ft
Pitching: RHP Bill Gomez
Batting: LHB Jeremy Robertson 0-0: Ball
1-0: Ball
2-0: Called Strike
2-1: Ball
3-1: Base on Balls
Batting: RHB Chris Bohm 0-0: Called Strike
Jeremy Robertson steals 2nd base
0-1: Foul Ball, location: 2F
0-2: Ball
1-2: Ball
2-2: Foul Ball, location: 2F
2-2: Foul Ball, location: 2F
2-2: Foul Ball, location: 2F
2-2: Ball
3-2: Foul Ball, location: 2F
3-2: Fly out, F8 (Flyball, 8RS, EV 91.9 MPH)
Batting: RHB D.J. Cooke 0-0: Foul Ball, location: 2F
0-1: Ball
1-1: DOUBLE (Line Drive, 78M, EV 100.6 MPH)
Jeremy Robertson scores
Batting: RHB Hisao Takei 0-0: Called Strike
0-1: Ball
1-1: DOUBLE (Groundball, 5L, EV 98.8 MPH)
D.J. Cooke scores
Pinch Hitting: LHB Mike Becerra 0-0: Fly out, F7 (Flyball, 78S, EV 93.8 MPH)
Top of the 7th over - 6 runs, 4 hits, 1 error, 1 left on base; Vanderbilt University 10 - Fresno State University 3
BOTTOM OF THE 7TH
Fresno State University Bulldogs batting - Pitching for Vanderbilt University Commodores : RHP Eric Schafer
Now in RF: Mike Becerra
Batting: SHB Andres Agudo 0-0: Ball
1-0: Called Strike
1-1: Foul Ball, location: 2F
1-2: Ground out 6-3 (Groundball, 6, EV 102.5 MPH)
Batting: RHB Andrew Pride 0-0: Ball
1-0: Ball
2-0: Ball
3-0: Called Strike
3-1: SINGLE (Groundball, 6MD, EV 104.4 MPH)
Batting: LHB Vinny Rivera 0-0: Ball
1-0: Ball
2-0: Called Strike
2-1: Foul Ball, location: 2F
2-2: Foul Ball, location: 2F
2-2: Fly out, F5 (Popup, 5SF, EV 80.6 MPH)
Batting: LHB Mike Roberts 0-0: Ball
1-0: Ground out 3-1 (Groundball, 34, EV 80.6 MPH)
Bottom of the 7th over - 0 runs, 1 hit, 0 errors, 1 left on base; Vanderbilt University 10 - Fresno State University 3
TOP OF THE 8TH
Vanderbilt University Commodores batting - Pitching for Fresno State University Bulldogs : RHP Bill Gomez
Batting: RHB Sam Spohn 0-0: Ball
1-0: Ball
2-0: Ball
3-0: Base on Balls
Pitching: LHP Jesse Turner
Batting: RHB Chris Maul 0-0: Ball
1-0: Called Strike
1-1: Swinging Strike
1-2: Strikes out swinging
Batting: RHB Jonathan Mendoza 0-0: Ball
1-0: Foul Ball, location: 2F
1-1: Fly out, F7 (Flyball, 7LM, EV 88.1 MPH)
Batting: RHB Jeremy Harden 0-0: Ball
1-0: Ball
2-0: SINGLE (Groundball, 56D, EV 105.0 MPH)
Sam Spohn to second
Batting: LHB Jeremy Robertson 0-0: Ball
1-0: Called Strike
1-1: Foul Ball, location: 2F
1-2: Ball
2-2: Strikes out swinging
Top of the 8th over - 0 runs, 1 hit, 0 errors, 2 left on base; Vanderbilt University 10 - Fresno State University 3
BOTTOM OF THE 8TH
Fresno State University Bulldogs batting - Pitching for Vanderbilt University Commodores : RHP Eric Schafer
Batting: RHB Tommy Tracy 0-0: Called Strike
0-1: Ball
1-1: Foul Ball, location: 2F
1-2: Strikes out looking
Batting: RHB Todd Vanasco 0-0: Ball
1-0: Ball
2-0: Ball
3-0: Called Strike
3-1: Foul Ball, location: 2F
3-2: Base on Balls
Pitching: RHP Alex Roman
Batting: RHB Phil Hamby 0-0: Foul Ball, location: 2F
0-1: Called Strike
0-2: Foul Ball, location: 2F
0-2: Ball
1-2: Ball
2-2: Foul Ball, location: 2F
2-2: Strikes out swinging
Batting: RHB Miguel Velasco 0-0: Ball
1-0: Ball
2-0: Called Strike
2-1: Ground out 4-3 (Groundball, 4, EV 90.0 MPH)
Bottom of the 8th over - 0 runs, 0 hits, 0 errors, 1 left on base; Vanderbilt University 10 - Fresno State University 3
TOP OF THE 9TH
Vanderbilt University Commodores batting - Pitching for Fresno State University Bulldogs : LHP Jesse Turner
Batting: RHB Chris Bohm 0-0: Called Strike
0-1: Foul Ball, location: 2F
0-2: Ball
1-2: Ball
2-2: Ball
3-2: Foul Ball, location: 2F
3-2: SINGLE (Line Drive, 7LS, EV 96.9 MPH)
Batting: RHB D.J. Cooke 0-0: Swinging Strike
0-1: Fielders Choice at 2nd, 4-6 (Groundball, 4M, EV 78.1 MPH)
Pinch Hitting: LHB Alberto Carrillo 0-0: SINGLE (Groundball, 34D, EV 99.4 MPH)
D.J. Cooke to second
Pinch Hitting: RHB Mario Lopez 0-0: Ball
1-0: Ball
2-0: Reached on error, E1 (Groundball, 34S, EV 69.4 MPH)
D.J. Cooke to third
Alberto Carrillo to second
Batting: RHB Sam Spohn 0-0: Ball
1-0: Foul Ball, location: 2F
1-1: Ball
2-1: Foul Ball, location: 2F
2-2: Ball
3-2: Foul Ball, location: 2F
3-2: Foul Ball, location: 2F
3-2: Foul Ball, location: 2F
3-2: Fly out, F8 (Flyball, 89D, EV 107.5 MPH)
Batting: RHB Chris Maul 0-0: Ball
1-0: Foul Ball, location: 2F
1-1: Ball
2-1: Reached via error on a dropped throw from SS, E4 (Groundball, 56, EV 108.1 MPH)
D.J. Cooke scores
Alberto Carrillo to third
Mario Lopez to second
Pitching: RHP Lorenzo Pacheco
Batting: RHB Jonathan Mendoza 0-0: Called Strike
0-1: Swinging Strike
0-2: Strikes out swinging
Top of the 9th over - 1 run, 2 hits, 2 errors, 3 left on base; Vanderbilt University 11 - Fresno State University 3
BOTTOM OF THE 9TH
Fresno State University Bulldogs batting - Pitching for Vanderbilt University Commodores : RHP Alex Roman
Now at C: Mario Lopez
Now in RF: Alberto Carrillo
Pinch Hitting: RHB Tsugio Yamaguchi 0-0: Ground out 5-3 (Groundball, 56, EV 93.8 MPH)
Pinch Hitting: RHB Wali Mulogo 0-0: Swinging Strike
0-1: SOLO HOME RUN (Flyball, 9D, EV 102.5 MPH), Distance : 381 ft
Batting: RHB Andrew Pride 0-0: Ground out 5-3 (Groundball, 56, EV 80.0 MPH)
Batting: LHB Vinny Rivera 0-0: Called Strike
0-1: Swinging Strike
0-2: Ball
1-2: Ball
2-2: Strikes out looking
Bottom of the 9th over - 1 run, 1 hit, 0 errors, 0 left on base; Vanderbilt University 11 - Fresno State University 4
Thursday, March 31st , 2022 - OOTP Baseball 22.12 Build 89